 Dungeon Crawl Stone Soup version 0.29-a0-847-g24c0ca63c9 (webtiles) character file.

Game seed: 8322695900637069035

28 Malachi the Ruffian (level 3, 29/29 HPs)
             Began as a Ghoul Gladiator on July 16, 2022.
             Safely got out of the dungeon.
             The game lasted 00:00:56 (1325 turns).

Malachi the Ruffian (Ghoul Gladiator)               Turns: 1325, Time: 00:00:56

Health: 29/29      AC:  4    Str: 19    XL:     3   Next: 12%
Magic:  2/2        EV: 12    Int:  3    God:
Gold:   85         SH:  0    Dex: 10    Spells: 2/2 levels left

rFire   . . .      SeeInvis .     - Unarmed
rCold   + . .      Faith    .   (no shield)
rNeg    + + +      Spirit   .   a - +0 leather armour
rPois   ∞          Reflect  .   b - +0 helmet
rElec   .          Harm     .   (no cloak)
rCorr   .          Rampage  .   (no gloves)
Will    .....                   (no boots)
Stlth   +.........              (no amulet)
HPRegen 0.09/turn               (no ring)
MPRegen 0.08/turn               (no ring)

@: no status effects
A: claws 1, cold resistance 1, negative energy resistance 3, inhibited
regeneration, torment resistance 2, devour on kill
a: no special abilities


You escaped.
You visited 1 branch of the dungeon, and saw 1 of its levels.

You collected 85 gold pieces.

Inventory:

Missiles
 c - 3 throwing nets (quivered)
 d - a javelin
Armour
 a - a +0 leather armour (worn)
 b - a +0 helmet (worn)
Jewellery
 e - a ring of ice
Scrolls
 f - a scroll of enchant weapon {unknown}
 i - a scroll of teleportation {unknown}
Potions
 g - a potion of degeneration {unknown}
 h - 3 potions of heal wounds {unknown}


   Skills:
 - Level 2.1 Fighting
 - Level 1.7 Throwing
 - Level 2.6 Dodging
 + Level 4.6 Unarmed Combat


You had 2 spell levels left.
You didn't know any spells.
Your spell library contained the following spells:

 Spells                   Type           Power      Damage    Failure   Level
 Magic Dart               Conj           0%         1d3       58%         1
 Call Imp                 Summ           0%         N/A       73%         2
 Mephitic Cloud           Conj/Pois/Air  0%         N/A       91%         3


Dungeon Overview and Level Annotations

Branches:
Dungeon (1/15)

Altars:


Innate Abilities, Weirdness & Mutations

You are immune to poison.
You have sharp fingernails.
Your flesh is cold resistant. (rC+)
You are immune to negative energy. (rN+++)
You do not regenerate when monsters are visible.
You are immune to unholy pain and torment.
You thrive by killing the living.


Message History

You scratch the ball python.
The ball python is severely wounded.
The ball python barely misses you. The ball python constricts you.
You claw the ball python!
You kill the ball python!
No target in view!
No target in view!
You now have 75 gold pieces (gained 15).
A bat comes into view.
The bat closely misses you.
A bat is nearby!
A bat is nearby!
A bat is nearby!
A bat is nearby!
You claw the bat!
You kill the bat!
No target in view!
No target in view!
h - an emerald potion
i - a scroll labelled ICSAUX FUZAUVO You open the door.
There is an open door here.
h - 3 emerald potions (gained 2)
You now have 85 gold pieces (gained 10).
Done exploring.
Done exploring.
Done exploring.
Done exploring.
Done exploring.
There is an open door here.
There is an open door here.
You open the door.
There is an open door here.
There is a staircase leading out of the dungeon here.
Are you sure you want to leave the Dungeon?
This will make you lose the game!
Alright, then stay!
Unknown command.
Unknown command.
Are you sure you want to leave the Dungeon?
This will make you lose the game!
You have escaped!

#.# ##.#####.#####
#.####.#.........#
#.............##.#
#############'###########
#........'8.8+........#
#........#...#........#
####...⌠....##'##....⌠...#
##..##...................#######
##....######....@....#######.....
.))........##.......##...# #.####
##......#.#.############.# #.#
#....................##.# #.####
#.####.>...#####.###.##.# #.##..
#.# #.....# #........# #.##.#
#.######.### #####...## #.##.#
#........# ###.# #.##..
##...####.# #.# #.....


There were no monsters in sight!

Vanquished Creatures
  A ball python (D:1)
  2 endoplasms (D:1)
  A giant cockroach (D:1)
  2 goblins (D:1)
  5 hobgoblins (D:1)
  2 quokkas (D:1)
  5 bats (D:1)
  6 rats (D:1)
24 creatures vanquished.

Vanquished Creatures (others)
  2 fungi (D:1)
  2 plants (D:1)
4 creatures vanquished.

Grand Total: 28 creatures vanquished

Notes
Turn   | Place    | Note
-------+----------+-------------------------------------------
     0 | D:1      | Malachi the Ghoul Gladiator began the quest for the Orb.
     0 | D:1      | Reached XP level 1. HP: 17/17 MP: 0/0
   437 | D:1      | Found a faded altar of an unknown god.
   496 | D:1      | Reached XP level 2. HP: 24/24 MP: 1/1
   539 | D:1      | Reached skill level 4 in Unarmed Combat
   941 | D:1      | Reached XP level 3. HP: 29/29 MP: 2/2
  1325 | D:$      | Safely got out of the dungeon.

Illustrated notes

Levels and vault maps discovered:
D:1:      giann_wishing_wells, layout_loops_corners,
          dreamdust_ecumenical_altar_grove

Skill      XL: |  1  2 |
---------------+-------+-----
Unarmed Combat | 4 |  4.6
Fighting       | |  2.1
Throwing       | |  1.7
Dodging        | |  2.6

Action                   || total
-------------------------++-------
Melee: Unarmed           ||    65
       Punch             ||     2
Armor: Leather armour    ||    16
Dodge: Dodged            ||    33

Table legend: (Time is in decaauts)
 A = Elapsed time spent in this place.
 B = Non-inter-level travel time spent in this place.
 C = Inter-level travel time spent in this place.
 D = Time resting spent in this place.
 E = Time spent auto-exploring this place.
 F = Levels seen in this place.
 G = Mean time per level.
                   A        B        C        D        E       F      G
               +--------+--------+--------+--------+--------+-----+--------+
         Total |   1320 |   1276 |     44 |    338 |    795 |   1 | 1320.0 |
       Dungeon |   1320 |   1276 |     44 |    338 |    795 |   1 | 1320.0 |
               +--------+--------+--------+--------+--------+-----+--------+

Top non-repeatable levels by time:
     D:1: 1320 daAuts
